 Dungeon Crawl Stone Soup version 0.16-a0-2675-g216447c (console) character file.

528 nht the Basher (level 7, -1/105 HPs)
             Began as an Ogre Berserker on Nov 24, 2014.
             Was a Priest of Trog.
             Slain by an ogre
             ... wielding a +0 giant club
              (8 damage)
             ... on level 4 of the Dungeon.
             The game lasted 00:03:49 (2838 turns).

nht the Basher (Ogre Berserker)                     Turns: 2838, Time: 00:03:50

Health: -1/105     AC: 23    Str: 23 (25) XL:     7   Next: 23%
Magic:  7/7        EV:  1    Int:  6      God:    Trog [***...]
Gold:   199        SH:  0    Dex:  9      Spells: 0 memorised, 6 levels left

rFire  + . .     SeeInvis .     a - +0 flail
rCold  + . .     Clarity  .     b - melded +1 animal skin
rNeg   + + +     SustAb   .     (shield restricted)
rPois  +         Gourm    .     (helmet currently unavailable)
rElec  +         Spirit   .     (cloak currently unavailable)
rCorr  +         Warding  .     (gloves unavailable)
rMut   .         NoTele   +     (boots unavailable)
MR     .....                    (no amulet)
Stlth  +.........               (no ring)
                                (no ring)

@: exhausted, tree-form, resistant, very slightly contaminated, hasted and
slowed, not resistant to hostile enchantments, very unstealthy
A: unfitting armour, (poison resistance), (tough skin 0)
a: Burn Spellbooks, Berserk, Trog's Hand, Renounce Religion


You were on level 4 of the Dungeon.
You worshipped Trog.
Trog was most pleased with you.
You were not hungry.
You were a tree.
You visited 1 branch of the dungeon, and saw 4 of its levels.

You collected 199 gold pieces.

Inventory:

Hand weapons
 a - a +0 flail (weapon)
Missiles
 f - 5 javelins (quivered)
 y - 2 tomahawks
 z - a throwing net
Armour
 b - a +1 animal skin (melded)
Jewellery
 t - an uncursed ring of protection from fire
Magical devices
 p - a wand of digging (10)
Scrolls
 e - a scroll of immolation {unknown}
 g - a scroll of remove curse {unknown}
 i - a scroll of blinking {unknown}
 m - a scroll of identify
 n - a scroll of recharging {unknown}
 o - a scroll of enchant armour
 q - a scroll of fog {unknown}
 v - a scroll of magic mapping {unknown}
Potions
 h - a potion of lignification
 k - a potion of curing
Comestibles
 c - 3 meat rations
 l - 3 bread rations
 s - 4 chunks of flesh
 x - 4 fruits


   Skills:
 - Level 4.0 Fighting
 + Level 10.1 Maces & Flails
 + Level 2.1 Throwing
 - Level 1.5 Armour
 - Level 1.7 Dodging


You had 6 spell levels left.
You didn't know any spells.

Dungeon Overview and Level Annotations

Branches:
Dungeon (4/15)             Temple (0/1) D:4

Altars:


Innate Abilities, Weirdness & Mutations

You are too large for most types of armour.
((You have tough skin (AC +1).))
((Your system is resistant to poisons.))


Message History

Drink which item? (? for menu, Esc to quit)
Magic courses through your body.
It was a potion of magic.
The ogre hits you but does no damage.
Drink which item? (? for menu, Esc to quit)
You feel yourself speed up.
It was a potion of haste.
The ogre hits you with a giant club!
* * * LOW HITPOINT WARNING * * *
The ogre hits you but does no damage.
You are very lightly contaminated with residual magic.
Read which item? (? for menu, Esc to quit)
As you read the scroll labeled BUZXOGEYCU, it crumbles to dust.
It is a scroll of identify.
Identify which item? (\ to view known items) (? for menu, Esc to quit)
t - an uncursed ring of protection from fire Read which item? (? for menu, Esc to quit)
As you read the scroll labeled DOYM GAXTECYU, it crumbles to dust.
It is a scroll of enchant armour.
Enchant which item? (? for menu, Esc to quit)
Your +0 animal skin glows green for a moment.
The ogre hits you with a giant club!
You die...

█..█..█████...... █...██
█...... ██.██ ██..... █.██
██..███. ██..█ ██..██ █.
███...████..██ ██
█.██████......██..██ █
██...█............█ █
.................███ ██
....................█████.
........)♣..█...██....██..
........O..█...████.......
.............██ ██..████
.............█ █..█ █
............██ █...█
...........█ █....█
..........█ █..██..
.......█.. .█ ██.█ ....█ .
█


You could see an ogre.

Vanquished Creatures
  Eustachio (D:4)
  An ogre (D:4)
  A hound (D:4)
  An iguana (D:4)
  A centaur skeleton (D:3)
  Terence (D:2)
  7 gnolls
  3 adders
  A giant mite (D:2)
  3 worms
  An adder skeleton (D:4)
  4 giant geckos
  2 orcs (D:3)
  7 bats
  2 giant cockroaches (D:1)
  9 goblins
  4 hobgoblins
  7 jackals
  7 ball pythons
  2 giant newts
  9 kobolds
  3 quokkas (D:3)
  6 rats
83 creatures vanquished.

Notes
Turn   | Place    | Note
--------------------------------------------------------------
     0 | D:1      | nht, the Ogre Berserker, began the quest for the Orb.
     0 | D:1      | Reached XP level 1. HP: 24/24 MP: 1/1
   115 | D:1      | Reached XP level 2. HP: 24/32 MP: 2/2
   195 | D:1      | Reached skill level 5 in Maces & Flails
   355 | D:1      | Acquired Trog's second power
   826 | D:2      | Reached XP level 3. HP: 39/39 MP: 3/3
   970 | D:2      | Reached skill level 6 in Maces & Flails
  1189 | D:2      | Reached XP level 4. HP: 35/48 MP: 4/4
  1320 | D:2      | Noticed Terence
  1328 | D:2      | Killed Terence
  1549 | D:3      | Reached skill level 7 in Maces & Flails
  1634 | D:3      | Reached XP level 5. HP: 49/54 MP: 5/5
  2029 | D:3      | Reached skill level 8 in Maces & Flails
  2425 | D:4      | Noticed Eustachio
  2437 | D:4      | Killed Eustachio
  2437 | D:4      | Reached skill level 9 in Maces & Flails
  2437 | D:4      | Reached XP level 6. HP: 62/62 MP: 6/6
  2625 | D:4      | Noticed an ogre
  2631 | D:4      | Killed an ogre
  2631 | D:4      | Reached skill level 10 in Maces & Flails
  2631 | D:4      | Reached skill level 1 in Throwing
  2631 | D:4      | Reached XP level 7. HP: 53/70 MP: 7/7
  2770 | D:4      | Found a staircase to the Ecumenical Temple.
  2828 | D:4      | Noticed an ogre
  2830 | D:4      | Gained mutation: Your system is resistant to poisons. [potion of beneficial mutation]
  2838 | D:4      | Slain by an ogre

Action                   |  1- 3 |  4- 6 |  7- 9 || total
-------------------------+-------+-------+-------++-------
Melee: Mace              |    77 |    13 |       ||    90
       Flail             |       |   122 |    16 ||   138
Invok: Berserk           |     1 |     4 |     1 ||     6
  Use: Potion            |       |       |     7 ||     7
       Scroll            |       |       |     2 ||     2
  Eat: Chunk             |     1 |     7 |     3 ||    11
       Beef jerky        |       |     1 |       ||     1
